 Dungeon Crawl Stone Soup version 0.29-a0-668-g12ee2bf84d (webtiles) character file.

Game seed: 1535876199991129822

660 lunkers the Cleaver (level 8, 0/63 (70) HPs)
             Began as a Meteoran Fighter on June 23, 2022.
             Was an Initiate of Ru.
             Slain by a wight
             ... wielding a +5 great sword
              (2 damage)
             ... on level 6 of the Dungeon.
             The game lasted 00:12:30 (2167 turns).

lunkers the Cleaver (Meteoran Fighter)              Turns: 2167, Time: 00:12:31

HP:   0/63 (70)     AC:  9    Str: 19    XL:     8   Next: 11%
MP:   9/9           EV:  9    Int: 10    God:    Ru [......]
Gold: 173           SH:  5    Dex: 14    Spells: 7/7 levels left

rFire   . . .      SeeInvis .   a - +0 war axe
rCold   . . .      Faith    .   c - +0 buckler
rNeg    . . .      Spirit   .   b - +0 scale mail
rPois   +          Reflect  .   (no helmet)
rElec   .          Harm     .   (no cloak)
rCorr   .          Rampage  .   o - +0 pair of gloves
Will    +....                   s - +0 pair of boots
Stlth   ..........              (no amulet)
HPRegen 0.20/turn               i - ring of poison resistance
MPRegen 0.11/turn               v - ring of flight

@: flying, glowing, heavily drained
A: sense surroundings 1, otherworldly, glowing, explore regen
a: Renounce Religion


You were on level 6 of the Dungeon.
You worshipped Ru.
Ru was noncommittal.
You visited 2 branches of the dungeon, and saw 7 of its levels.

You collected 173 gold pieces.

Inventory:

Hand Weapons
 a - a +0 war axe (weapon)
Armour
 b - a +0 scale mail (worn)
 c - a +0 buckler (worn)
 o - a +0 pair of gloves (worn)
 s - a +0 pair of boots (worn)
Jewellery
 i - a ring of poison resistance (left hand)
 v - a ring of flight (right hand)
Wands
 l - a wand of flame (17)
 B - a wand of iceblast (5)
Scrolls
 j - a scroll of enchant weapon {unknown}
 k - a scroll of summoning {unknown}
 m - a scroll of immolation {unknown}
 n - 2 scrolls of teleportation {unknown}
 q - a scroll of blinking {unknown}
 r - a scroll of fear {unknown}
 t - a scroll of vulnerability {unknown}
 u - 2 scrolls of enchant armour {unknown}
 w - 2 scrolls of brand weapon {unknown}
 y - a scroll of amnesia {unknown}
 z - a scroll of magic mapping {unknown}
Potions
 d - 2 potions of might
 e - 2 potions of attraction
 f - a potion of invisibility
 h - 5 potions of curing
 p - a potion of brilliance
 x - a potion of haste {unknown}
 A - a potion of heal wounds {unknown}
 C - a potion of ambrosia {unknown}


   Skills:
 + Level 6.0 Fighting
 * Level 8.2 Axes
 - Level 3.6 Armour
 - Level 3.6 Shields


You had 7 spell levels left.
You didn't know any spells.
Your spell library was empty.

Dungeon Overview and Level Annotations

Branches:
Dungeon (6/15) Zot: 1611   Temple (1/1) D:5 Zot: 363

Altars:
Dithmenos
Elyvilon
Fedhas
Gozag
Hepliaklqana
Kikubaaqudgha
Makhleb
Nemelex Xobeh
Okawaru
Qazlal
Ru
Sif Muna
Trog
Uskayaw
Vehumet
Wu Jian
Xom
Zin
The Shining One

Shops:
D:1 (


Innate Abilities, Weirdness & Mutations

You passively map a small area around you.
You are easily found by Zot.
You glow in the dark.
You regain HP and MP as you explore.


Message History

You slash the hound!
The hound is heavily wounded.
You barely miss the wight. You hit the wight but do no damage.
The hound bites you. The wight hits you with a +0 mace.
The wight hits you with a +2 mace.
You hit the hound but do no damage.
The hound is heavily wounded.
You hit the wight. You slash the wight! You hit the wight but do no damage.
The hound closely misses you. The wight hits you with a +0 mace.
You block the wight's attack. The wight hits you with a +2 mace!
You feel drained. The hound bites you but does no damage.
You closely miss the wight.
The wight is moderately damaged.
You barely miss the hound. You hit the wight but do no damage.
You closely miss the wight. The hound bites you.
The wight hits you with a +0 mace!
* * * LOW HITPOINT WARNING * * *
The wight hits you with a +5 great sword!
* * * LOW HITPOINT WARNING * * *
You feel drained.
* * * LOW HITPOINT WARNING * * *
You block the wight's attack. The hound bites you but does no damage.
You barely miss the wight.
The wight is moderately damaged.
You slash the hound! You hit the wight but do no damage. You hit the wight.
The wight barely misses you.
The wight hits you with a +5 great sword!
* * * LOW HITPOINT WARNING * * *
The wight barely misses you. The hound closely misses you.
Unknown command.
You hit the wight.
The wight is severely damaged.
You closely miss the hound. You slash the wight!
You destroy the wight!
You barely miss the wight. The hound closely misses you.
The wight barely misses you.
The wight hits you with a +5 great sword.
* * * LOW HITPOINT WARNING * * *
You feel drained.
You die...

..,### , # ## #.. .. ..
, #.*#..... .#..# ,*
.##.##.# .#..##, * *
.#.##.##.....# *
......,.....#. , , *
#.##.##h......
#.##..@)......
#####.....zz....##
#######.....##.##..#.##
, ........###.##.# ..#
# , #.....>...#.##..
.... *
......#.#.#.####...###
#...........# ...# ,
#..........## * ..# * ,
...........# ... , *


You could see a hound and 2 wights.

Vanquished Creatures
  A black bear (D:5)
  A centaur (D:6)
  2 phantoms
  A kobold brigand (D:5)
  A wight (D:6)
  2 hounds
  A gnoll shaman (D:5)
  An iguana (D:4)
  5 adders
  3 gnolls (D:5)
  A worm (D:2)
  A dart slug (D:4)
  4 orcs (D:5)
  3 giant cockroaches
  3 goblins
  3 hobgoblins
  25 kobolds
  2 quokkas
  5 ball pythons
  11 bats
  A frilled lizard (D:1)
  A rat (D:2)
78 creatures vanquished.

Vanquished Creatures (others)
  20 plants (D:5)
20 creatures vanquished.

Grand Total: 98 creatures vanquished

Notes
Turn   | Place    | Note
-------+----------+-------------------------------------------
     0 | D:1      | lunkers the Meteoran Fighter began the quest for the Orb.
     0 | D:1      | Reached XP level 1. HP: 19/19 MP: 2/2
   117 | D:1      | Found Evua's Antique Weapon Emporium.
   133 | D:1      | Noticed an eye of devastation
   135 | D:1      | Found a faded altar of an unknown god.
   136 | D:1      | Noticed a great orb of eyes
   136 | D:1      | Noticed a shining eye
   136 | D:1      | Noticed a great orb of eyes
   149 | D:1      | Reached XP level 2. HP: 24/26 MP: 3/3
   150 | D:1      | Reached skill level 3 in Axes
   584 | D:3      | Reached XP level 3. HP: 31/31 MP: 4/4
   862 | D:4      | Reached skill level 4 in Axes
   862 | D:4      | Reached XP level 4. HP: 23/40 MP: 5/5
   888 | D:4      | Reached XP level 5. HP: 37/46 MP: 6/6
  1104 | D:4      | Reached skill level 5 in Axes
  1214 | D:5      | Entered Level 5 of the Dungeon
  1229 | D:5      | Noticed a phantom
  1251 | D:5      | Killed a phantom
  1252 | D:5      | Reached XP level 6. HP: 50/53 MP: 7/7
  1285 | D:5      | Noticed a black bear
  1296 | D:5      | Killed a black bear
  1297 | D:5      | Reached skill level 5 in Fighting
  1297 | D:5      | Reached skill level 6 in Axes
  1298 | D:5      | Reached XP level 7. HP: 37/61 MP: 8/8
  1381 | D:5      | Reached skill level 7 in Axes
  1647 | D:5      | Found a staircase to the Ecumenical Temple.
  1667 | Temple   | Entered the Ecumenical Temple
  1894 | Temple   | Became a worshipper of Ru the Awakened
  2091 | D:6      | Found a shimmering blue altar of Sif Muna.
  2135 | D:6      | Reached skill level 8 in Axes
  2135 | D:6      | Reached XP level 8. HP: 59/70 MP: 9/9
  2167 | D:6      | HP: 2/65 [wight/+5 great sword (6)]
  2167 | D:6      | Slain by a wight

Illustrated notes

Levels and vault maps discovered:
D:1:      dpeg_arrival_water_altar, layout_basic, serial_shops,
          nicolae_shop_advertising_works [nicolae_subvault_shop_adworks],
          hellmonk_ecumenical_altar_watching_god, minmay_stone_trees_medium,
          minmay_pentomino_x4
D:2:      layout_basic, chequers_serial_rivers_room_b
D:3:      layout_rooms, serial_corexii_hall, corexii_hall_statues_i,
          corexii_hall_statues_i, chequers_hall_statues_y
D:4:      layout_loops_ring
D:5:      kennysheep_kobold_camp, layout_cave_pods, minmay_temple_entry_arrows,
          serial_column_ruins, column_ruins_open_tiny, column_ruins_grid_1,
          column_ruins_grid_2, column_ruins_open_tiny,
          column_ruins_open_small_water, column_ruins_grid_4, roderic_batcave,
          minmay_diced_spiral
D:6:      layout_loops_cross, mainiacjoe_overflow_24_doors, enter_ossuary_4
Temple:   mainiacjoe_temple_bowtie_tessellation

Skill      XL: |  1  2  3  4  5  6  7 |
---------------+----------------------+-----
Axes           | 3 4 5 6 8 |  8.2
Fighting       | 4 5 6 |  6.0
Armour         | |  3.6
Shields        | |  3.6

Action                   |  1- 3 |  4- 6 |  7- 9 || total
-------------------------+-------+-------+-------++-------
Melee: War axe           |    58 |    59 |   107 ||   224
  Use: Scroll            |       |     2 |     3 ||     5
Armor: Scale mail        |    26 |    45 |    80 ||   151
Dodge: Dodged            |    26 |    22 |    51 ||    99
Block: Buckler           |    15 |    15 |    27 ||    57

Table legend: (Time is in decaauts)
 A = Elapsed time spent in this place.
 B = Non-inter-level travel time spent in this place.
 C = Inter-level travel time spent in this place.
 D = Time resting spent in this place.
 E = Time spent auto-exploring this place.
 F = Levels seen in this place.
 G = Mean time per level.
                   A        B        C        D        E       F      G
               +--------+--------+--------+--------+--------+-----+--------+
         Total |   2223 |   2185 |     38 |      0 |    246 |   7 |  317.6 |
       Dungeon |   1987 |   1974 |     13 |      0 |     65 |   6 |  331.2 |
        Temple |    236 |    211 |     25 |      0 |    181 |   1 |  236.0 |
               +--------+--------+--------+--------+--------+-----+--------+

Top non-repeatable levels by time:
     D:5: 529 daAuts
     D:4: 388 daAuts
     D:1: 289 daAuts
     D:3: 285 daAuts
     D:2: 280 daAuts
  Temple: 236 daAuts
     D:6: 214 daAuts
